Map: Bridgehead LE (Void)

Players

Javert

  • Race: Zerg Zerg
  • League: Platinum

Oscar - Winner!

  • Race: Zerg Zerg
  • League: Platinum

VOD

Have the link to the VOD?

Description

Time

  • Played on: Aug. 20, 2015, 9:34 p.m.
  • Length: 4:42
Show
View Real Time Build Order
Export as new Build Order

Javert Zerg 

Build Orders: Pool First 

Get SALT Encoding   

  12  0:01  Drone  
  13  0:15  Drone  
  13  0:18  Extractor  
  13  0:19  Drone, Extractor  
  13  0:22  Drone  
  13  0:27  Overlord  
  16  0:44  Extractor  
  16  0:49  Drone, Spawning Pool  
  15  0:51  Drone  
  16  0:59  Drone  
  17  1:09  Drone  
  18  1:24  Drone  
  19  1:34  Drone  
  19  1:36  Queen  
  22  1:46  Metabolic Boost  
  22  1:48  Hatchery  
  22  1:54  Overlord  
  21  1:59  Extractor  
  21  2:00  Zergling x2  
  21  2:03  Zergling x2  
  23  2:17  Spine Crawler  
  16  2:35  Zergling x4  
  17  2:51  Spine Crawler  
  17  2:55  Drone  
  17  2:59  Drone  
  17  3:06  Zergling x2  
  17  3:18  Zergling x6  
  18  3:24  Drone  
  18  3:35  Drone  
  18  3:38  Drone  
  17  3:50  Zergling x2  
  15  4:02  Zergling x8  
  19  4:09  Spine Crawler  
  18  4:15  Baneling Nest  
  18  4:20  Spine Crawler  
  18  4:21  Drone  
Show
View Real Time Build Order
Export as new Build Order

Oscar Zerg - Winner!

Build Orders: Pool Only, Zergling Baneling 

Get SALT Encoding   

  12  0:01  Drone  
  13  0:07  Drone  
  14  0:29  Spawning Pool  
  14  0:30  Drone  
  14  0:33  Extractor  
  14  0:35  Drone  
  14  0:44  Overlord  
  14  1:16  Zergling x6  
  17  1:19  Baneling Nest  
  17  1:21  Queen  
  18  1:28  Zergling x2  
  19  1:37  Zergling x2  
  20  1:48  Overlord  
  20  2:01  Zergling x2  
  20  2:05  Baneling x2  
  21  2:13  Zergling x2  
  22  2:16  Metabolic Boost  
  20  2:33  Zergling x6  
  22  2:53  Baneling x2  
  22  2:55  Zergling x4  
  24  3:06  Zergling x2  
  23  3:17  Overlord  
  23  3:18  Overlord  
  22  3:23  Baneling x2  
  22  3:24  Baneling x2  
  22  3:39  Zergling x6  
  22  3:40  Zergling x2  
  22  3:54  Zergling x2  
  23  4:05  Zergling x6  
  26  4:13  Baneling x5  
  26  4:17  Zergling x2  
Tags
 
Add a new tag
Caveats
  • Supply blocks, unpowered buildings, or Contaminate may cause inaccurate times.
  • Supply counts are checked every 10 seconds.